 Dungeon Crawl Stone Soup version 0.16-a0-3467-gfe061fe (webtiles) character file.

2043 NewYearsCrawler the Blocker (level 9, -3/64 HPs)
             Began as a Formicid Fighter on Jan 2, 2015.
             Slain by an orc warrior
             ... wielding a cursed -1 battleaxe
              (9 damage)
             ... on level 6 of the Dungeon.
             The game lasted 00:12:16 (6096 turns).

NewYearsCrawler the Blocker (Formicid Fighter)      Turns: 6096, Time: 00:12:17

Health: -3/64      AC: 12    Str: 24    XL:     9   Next: 48%
Magic:  12/12      EV:  6    Int:  8    God:
Gold:   60         SH: 12    Dex: 10    Spells: 0 memorised, 8 levels left

rFire  . . .     SeeInvis +     a - +0 war axe
rCold  . . .     Clarity  .     o - +0 plate armour
rNeg   . . .     SustAb   .     c - +0 shield
rPois  .         Gourm    .     (helmet unavailable)
rElec  .         Spirit   .     (no cloak)
rCorr  .         Warding  .     (no gloves)
rMut   .         Stasis   +     v - +0 pair of boots (curse)
MR     +....                    (no amulet)
Stlth  ..........               (no ring)
                                n - ring of protection from magic

@: somewhat resistant to hostile enchantments, extremely unstealthy
A: permanent stasis, dig shafts and tunnels, four strong arms, antennae 3
a: Dig, Shaft Self


You were on level 6 of the Dungeon.
You were not hungry.

You visited 2 branches of the dungeon, and saw 8 of its levels.

You collected 277 gold pieces.
You spent 217 gold pieces at shops.

Inventory:

Hand weapons
 a - a +0 war axe (weapon)
 w - a +0 war axe
Missiles
 q - 9 tomahawks (quivered)
Armour
 c - a +0 shield (worn)
 o - a +0 plate armour (worn)
 v - a cursed +0 pair of boots (worn)
Jewellery
 b - an uncursed ring of magical power
 m - an uncursed ring of wizardry
 n - a ring of protection from magic (left hand)
Magical devices
 i - a wand of confusion (8)
 x - a wand of polymorph (0)
Scrolls
 g - a scroll of amnesia
 j - a scroll of fear {unknown}
 k - a scroll of random uselessness {unknown}
 l - 7 scrolls of remove curse
 p - a scroll of blinking
 s - a scroll of identify
 t - a scroll of enchant armour {unknown}
 y - a scroll of magic mapping {unknown}
 C - a scroll of fog {unknown}
 D - a scroll of recharging
Potions
 e - a potion of flight
 h - a potion of cancellation
 u - a potion of ambrosia
 z - a potion of magic {unknown}
Comestibles
 d - 3 bread rations
 f - 3 meat rations
 r - 3 beef jerkies
 A - 4 fruits


   Skills:
 - Level 3.2 Fighting
 * Level 9.1 Axes
 - Level 3.2 Armour
 - Level 10.0 Shields


You had 8 spell levels left.
You didn't know any spells.

Dungeon Overview and Level Annotations

Branches:
Dungeon (7/15)             Temple (1/1) D:6

Altars:
Ashenzari
Cheibriados
Dithmenos
Elyvilon
Fedhas
Gozag
Kikubaaqudgha
Makhleb
Nemelex Xobeh
Qazlal
Sif Muna
Vehumet
Xom
Yredelemnul
Zin
The Shining One

Shops:
D:5 *

Annotations:
D:5 Prince Ribbit


Innate Abilities, Weirdness & Mutations

You are under a permanent stasis effect.
You can dig through walls and to a lower floor.
Your four strong arms can wield two-handed weapons with a shield.
You have a pair of large antennae on your head (SInv).


Message History

* * * LOW HITPOINT WARNING * * *
Evoke which item? (* to show all) (? for menu, Esc to quit)
This wand has no charges.
Unknown command.
Evoke which item? (* to show all) (? for menu, Esc to quit)
Zapping:
i - a wand of confusion {zapped: 6} (will waste charges)
Press: ? - help, Shift-Dir - straight line, f/p - orc warrior
Aim: an orc warrior, wielding a battleaxe and wearing a plate armour (chance 46%)
The orc warrior resists with some effort.
Evoking this partially-identified wand wasted a few charges.
The orc warrior hits you with a battleaxe.
* * * LOW HITPOINT WARNING * * *
An iguana comes into view.
The iguana hisses angrily.
A rat comes into view.
You hit the iguana.
The iguana is moderately wounded.
You block the iguana's attack.
The orc warrior hits you with a battleaxe!
You die...

#.#.......
#.###.####
#.# .# #.#
# #.# #.#
#.# #o#
#@# #l#
#r# #.#
... ...
... .....
...


You could see an orc warrior, an iguana and a rat.

Vanquished Creatures
  Eustachio (D:4)
  Edmund (D:4)
  Menkaure (D:5)
  A phantom (D:5)
  3 ogres
  Sigmund (D:2)
  2 centaurs
  The ghost of Vidiiot the Sneak, an average VSWz (D:4)
  3 scorpions
  A crimson imp (D:7)
  An orc priest (D:4)
  2 giant frog skeletons
  A jelly (D:5)
  4 hounds
  An iguana (D:5)
  A centaur skeleton (D:5)
  7 orc wizards
  3 worker ants
  Ijyb (D:4)
  A hound zombie (D:5)
  A hound skeleton (D:4)
  6 adders
  3 giant mites
  2 shadow imps (D:5)
  2 worms (D:3)
  An adder zombie (D:5)
  2 giant geckos (D:5)
  2 oozes
  22 orcs
  2 ball pythons
  15 bats
  A bat zombie (D:5)
  5 giant cockroaches
  12 hobgoblins
  7 kobolds
  A quokka (D:2)
  8 giant newts
  14 goblins
  6 jackals
  A quokka skeleton (D:5)
  10 rats
160 creatures vanquished.

Notes
Turn   | Place    | Note
--------------------------------------------------------------
     0 | D:1      | NewYearsCrawler, the Formicid Fighter, began the quest for the Orb.
     0 | D:1      | Reached XP level 1. HP: 18/18 MP: 1/1
   112 | D:1      | Reached skill level 4 in Shields
   119 | D:1      | Reached XP level 2. HP: 22/24 MP: 3/3
   709 | D:1      | Reached XP level 3. HP: 29/29 MP: 4/4
   858 | D:2      | Noticed Sigmund
   881 | D:2      | Killed Sigmund
   881 | D:2      | Reached skill level 5 in Shields
   881 | D:2      | Reached XP level 4. HP: 28/35 MP: 5/5
   884 | D:2      | Reached XP level 5. HP: 31/41 MP: 7/7
  1651 | D:3      | Reached skill level 6 in Shields
  1908 | D:3      | Reached XP level 6. HP: 38/47 MP: 8/8
  2149 | D:3      | Found a shadowy altar of Dithmenos.
  2149 | D:3      | Found a burning altar of Makhleb.
  2149 | D:3      | Found a basalt altar of Yredelemnul.
  2163 | D:3      | Noticed a centaur
  2167 | D:3      | Killed a centaur
  2167 | D:3      | Reached skill level 7 in Shields
  2384 | D:3      | Found a glowing silver altar of Zin.
  2599 | D:4      | Noticed Vidiiot's ghost (average VSWz)
  2619 | D:4      | Killed Vidiiot's ghost
  2619 | D:4      | Reached XP level 7. HP: 42/52 MP: 9/9
  2686 | D:4      | Noticed Ijyb
  2704 | D:4      | Killed Ijyb
  2823 | D:4      | Noticed Edmund
  2856 | D:4      | Killed Edmund
  2856 | D:4      | Reached skill level 5 in Axes
  2856 | D:4      | Reached skill level 8 in Shields
  2977 | D:4      | Reached XP level 8. HP: 30/58 MP: 11/11
  3276 | D:4      | Noticed Eustachio
  3353 | D:4      | Killed Eustachio
  3353 | D:4      | Reached skill level 9 in Shields
  3789 | D:5      | Entered Level 5 of the Dungeon
  4201 | D:5      | Reached skill level 10 in Shields
  4271 | D:5      | Reached XP level 9. HP: 61/64 MP: 12/12
  4410 | D:5      | Found Troufynu's General Store.
  4438 | D:5      | Bought a potion of curing for 42 gold pieces
  4438 | D:5      | Bought a scroll of remove curse for 42 gold pieces
  4438 | D:5      | Bought a scroll of recharging for 133 gold pieces
  4500 | D:5      | Noticed Prince Ribbit
  4746 | D:5      | Noticed Menkaure
  4754 | D:5      | Killed Menkaure
  5180 | D:6      | Found a staircase to the Ecumenical Temple.
  5190 | Temple   | Entered the Ecumenical Temple
  6096 | D:6      | Slain by an orc warrior

Action                   |  1- 3 |  4- 6 |  7- 9 || total
-------------------------+-------+-------+-------++-------
Melee: War axe           |    79 |   196 |   385 ||   660
Throw: Tomahawk          |       |       |     2 ||     2
 Abil: Dig               |       |       |     5 ||     5
Evoke: Wand              |       |       |     1 ||     1
  Use: Potion            |     2 |     2 |     6 ||    10
       Scroll            |       |       |     2 ||     2
  Eat: Chunk             |       |     6 |     9 ||    15
       Bread ration      |       |       |     1 ||     1
